Map: Heavy Artillery LE

Players

Massa - Winner!

  • Race: Terran Terran
  • Spawn Location: 7:00

qqq - Winner!

  • Race: Protoss Protoss
  • Spawn Location: 7:00

Quentin

  • Race: Terran Terran
  • League: Platinum
  • Spawn Location: 1:00

Stanouch

  • Race: Zerg Zerg
  • Spawn Location: 3:00

VOD

Have the link to the VOD?

Description

Time

  • Played on: June 13, 2020, 8:44 a.m.
  • Length: 16:15
Show
View Real Time Build Order
Export as new Build Order

Massa Terran - Winner!

Build Orders:  

Get SALT Encoding   

  12  0:06  SCV  
  13  0:18  SCV  
  14  0:24  Supply Depot  
  14  0:30  SCV  
  15  0:45  SCV  
  15  0:48  Barracks  
  16  0:57  SCV  
  17  1:14  SCV  
  18  1:19  Barracks  
  18  1:26  SCV  
  19  1:33  Command Center  
  19  1:38  SCV  
  19  1:39  Marine  
  21  1:44  Refinery  
  21  1:52  Refinery, SCV  
  22  1:57  Marine  
  23  2:04  Supply Depot  
  23  2:15  Supply Depot  
  23  2:25  SCV, Marine  
  25  2:37  SCV  
  26  2:50  Barracks Tech Lab  
  26  2:55  Marine  
  26  2:57  SCV x2  
  29  3:08  Factory  
  29  3:09  SCV x2  
  31  3:12  Marine  
  32  3:21  SCV  
  33  3:30  Marine  
  33  3:32  Marauder  
  36  3:38  Stimpack  
  34  3:48  Marine  
  31  3:54  Marauder  
  34  4:00  Factory Tech Lab  
  34  4:03  Barracks  
  34  4:06  Marine  
  35  4:15  Marauder  
  37  4:24  Marine  
  37  4:36  Marauder  
  42  4:38  Siege Tank  
  42  4:41  SCV x2  
  42  4:42  Marine  
  45  4:47  Engineering Bay  
  45  4:52  Supply Depot  
  45  4:53  SCV x2  
  45  4:58  Marauder  
  45  4:59  Marine  
  49  5:04  Barracks Tech Lab  
  49  5:05  SCV x2  
  52  5:11  Supply Depot  
  52  5:12  Supply Depot  
  52  5:13  Supply Depot  
  55  5:14  Siege Tank  
  55  5:17  SCV x2  
  55  5:18  Concussive Shells  
  55  5:19  Marauder  
  59  5:26  Supply Depot  
  59  5:41  Marauder  
  61  5:45  Marauder  
  61  5:47  Combat Shield  
  61  5:49  Supply Depot  
  63  5:53  SCV  
  63  5:54  SCV  
  65  5:57  Refinery  
  65  5:58  Missile Turret  
  65  6:01  Missile Turret  
  65  6:02  Marauder  
  67  6:05  SCV, Missile Turret  
  67  6:06  SCV  
  67  6:07  Marauder  
  67  6:09  Missile Turret  
  71  6:45  Starport  
  71  6:50  Siege Tank  
  71  6:53  Barracks Reactor  
  74  6:58  Marauder x2  
  78  7:04  SCV x2  
  80  7:16  SCV x2, Command Center  
  80  7:19  Marauder x2  
  86  7:28  SCV  
  86  7:29  SCV  
  88  7:40  SCV, Marine, Siege Tank  
  88  7:41  SCV, Marauder  
  88  7:42  Medivac  
  98  7:53  SCV, Orbital Command  
  98  7:55  Terran Infantry Weapons Level 1  
  98  7:58  Marine, Engineering Bay  
  99  8:01  Marine  
  99  8:02  Armory  
  101  8:10  Marine  
  102  8:17  Supply Depot  
  102  8:27  Marine, Medivac  
  102  8:28  Marauder x2  
  102  8:30  Missile Turret  
  102  8:33  Missile Turret  
  109  8:35  Missile Turret  
  109  8:36  Orbital Command  
  109  8:40  Supply Depot  
  109  8:44  Marine  
  109  8:45  Marine  
  111  8:49  Terran Infantry Armor Level 1, Marauder x2  
  111  8:53  Terran Vehicle Weapons Level 1  
  115  9:02  Marine  
  115  9:03  Marine  
  115  9:07  Thor  
  123  9:11  Marauder x2  
  123  9:13  Orbital Command  
  123  9:14  SCV x2  
  129  9:20  Marine  
  129  9:21  Marine  
  131  9:26  SCV x2  
  133  9:37  Refinery  
  133  9:54  Supply Depot  
  133  9:55  Supply Depot  
  133  10:04  Command Center  
  133  10:11  Missile Turret  
  133  10:12  Missile Turret  
  133  10:13  Missile Turret x2  
  133  10:15  SCV, Marauder x2, Marine x2  
  133  10:17  Thor  
  133  10:18  Supply Depot  
  133  10:19  Supply Depot  
  146  10:32  Missile Turret  
  146  10:37  Marauder  
  146  10:40  Marauder  
  137  10:43  Supply Depot  
  137  10:48  Supply Depot  
  133  10:56  Marine x2  
  134  10:58  Marauder  
  134  11:02  Marauder  
  138  11:13  Marine x2  
  140  11:20  Marauder  
  140  11:23  Marauder  
  144  11:31  Marine x2  
  144  11:41  Marauder  
  144  11:44  Marauder  
  130  11:49  Marine x2  
  128  12:02  Marauder  
  128  12:05  Thor  
  128  12:06  Marauder  
  128  12:07  Marine x2  
  140  12:13  Command Center  
  140  12:19  SCV  
  140  12:20  SCV  
  142  12:24  Orbital Command, Marauder  
  142  12:25  Marine x2  
  142  12:27  Marauder  
  143  12:31  SCV  
  143  12:32  SCV  
  135  12:39  Command Center  
  135  12:42  Marine  
  135  12:44  SCV x2  
  129  12:45  Marauder  
  129  12:48  Marine, Thor  
  133  12:56  SCV x2  
  115  13:06  Marauder x2  
  115  13:08  SCV x2  
  112  13:14  Marine  
  112  13:15  Marine  
  107  13:25  Medivac  
  98  13:28  Marauder x2  
  98  13:32  Marine  
  98  13:33  Marine  
  97  13:49  Marauder x2  
  97  13:50  Marine x2  
  100  13:55  Medivac  
  94  14:08  Marine x2  
  94  14:10  Marauder, Thor  
  94  14:11  Marauder  
  100  14:21  Refinery  
  100  14:25  Medivac  
  102  14:32  Marauder x2  
  102  14:34  Orbital Command  
  106  14:40  Missile Turret  
  106  14:45  Missile Turret  
  106  14:47  Missile Turret  
  106  14:49  Missile Turret  
  106  14:53  Thor  
  106  14:55  Missile Turret  
  112  15:01  Missile Turret  
  112  15:06  Missile Turret  
  112  15:09  Missile Turret  
  112  15:11  Missile Turret  
  112  15:13  Command Center  
  112  15:17  Marauder x2, Marine, Missile Turret  
  112  15:18  Marine  
  112  15:20  Missile Turret  
  118  15:25  Command Center  
  118  15:26  Missile Turret  
  118  15:32  Missile Turret  
  118  15:34  Command Center  
  118  15:35  Marine  
  116  15:36  Marine  
  116  15:38  Marauder x2  
  113  15:53  Marine x2  
Show
View Real Time Build Order
Export as new Build Order

qqq Protoss - Winner!

Build Orders:  

Get SALT Encoding   

  12  0:03  Probe  
  13  0:15  Probe  
  14  0:33  Pylon  
  14  0:40  Probe  
  15  0:43  Pylon  
  15  0:52  Probe  
  16  1:03  Gateway  
  16  1:04  Probe  
  17  1:13  Assimilator  
  17  1:16  Probe  
  18  1:28  Probe  
  19  1:41  Probe  
  20  1:49  Nexus  
  20  2:02  Cybernetics Core  
  19  2:14  Probe  
  20  2:15  Assimilator  
  20  2:26  Probe  
  21  2:38  Probe, Stalker  
  24  2:51  Probe  
  25  2:53  Stargate  
  25  3:07  Probe  
  25  3:08  Probe  
  27  3:19  Probe  
  28  3:21  Probe  
  29  3:31  Probe  
  29  3:33  Probe  
  29  3:41  Void Ray  
  29  3:45  Probe  
  29  3:47  Pylon  
  34  3:52  Forge  
  34  3:53  Pylon  
  34  3:57  Probe  
  35  4:05  Pylon x2  
  35  4:08  Pylon  
  35  4:09  Probe  
  36  4:18  Void Ray  
  36  4:21  Probe, Assimilator  
  41  4:33  Probe  
  43  4:45  Probe  
  43  4:49  Stargate  
  43  4:57  Probe  
  43  4:58  Assimilator  
  44  5:02  Phoenix  
  46  5:07  Probe  
  47  5:15  Probe  
  48  5:24  Probe  
  48  5:27  Phoenix  
  51  5:35  Fleet Beacon  
  51  5:36  Probe, Phoenix  
  54  5:48  Probe  
  55  5:55  Phoenix  
  57  5:58  Nexus  
  57  6:00  Probe  
  58  6:10  Void Ray  
  53  6:24  Phoenix  
  43  6:48  Probe  
  43  6:49  Phoenix  
  43  6:53  Photon Cannon, Phoenix  
  48  6:58  Photon Cannon  
  48  7:00  Probe  
  48  7:01  Probe  
  50  7:06  Pylon  
  50  7:09  Pylon  
  50  7:12  Probe  
  50  7:13  Anion Pulse-Crystals  
  50  7:14  Phoenix  
  53  7:24  Probe  
  54  7:36  Probe  
  53  7:39  Protoss Air Weapons Level 1  
  51  7:46  Carrier  
  57  8:11  Probe  
  58  8:14  Probe  
  59  8:23  Probe  
  59  8:26  Probe  
  59  8:29  Probe  
  56  8:35  Probe  
  56  8:38  Probe  
  58  8:41  Probe  
  58  8:47  Probe  
  60  8:48  Pylon  
  60  8:50  Probe  
  60  8:53  Probe  
  62  8:55  Pylon  
  62  8:59  Probe  
  62  9:02  Probe  
  64  9:05  Probe  
  64  9:09  Photon Cannon  
  65  9:11  Probe  
  65  9:14  Probe  
  65  9:16  Photon Cannon  
  67  9:17  Probe  
  67  9:24  Probe  
  69  9:25  Photon Cannon  
  69  9:26  Probe  
  70  9:33  Photon Cannon  
  70  9:36  Probe  
  71  9:38  Photon Cannon  
  71  9:51  Carrier  
  77  9:55  Probe x2  
  77  9:57  Probe  
  80  10:07  Probe x2  
  80  10:10  Carrier  
  88  10:19  Probe x2  
  62  10:55  Phoenix  
  62  10:57  Photon Cannon  
  64  11:01  Photon Cannon  
  64  11:02  Probe  
  65  11:05  Photon Cannon  
  65  11:06  Mothership  
  65  11:07  Photon Cannon  
  73  11:14  Probe, Phoenix  
  70  11:20  Phoenix  
  70  11:25  Photon Cannon, Shield Battery, Protoss Air Armor Level 1  
  64  11:26  Probe  
  65  11:39  Probe, Phoenix  
  68  11:43  Stalker  
  68  11:45  Phoenix  
  70  12:04  Probe, Phoenix  
  73  12:10  Probe, Phoenix  
  76  12:16  Probe  
  76  12:22  Probe  
  78  12:29  Carrier  
  84  12:35  Phoenix  
  82  12:59  Phoenix  
  80  13:24  Phoenix  
  80  13:26  Stargate  
  82  13:27  Assimilator  
  82  13:32  Assimilator  
  82  13:33  Phoenix  
  84  13:40  Nexus  
  84  13:49  Phoenix  
  84  13:54  Probe, Nexus  
  87  13:58  Phoenix  
  85  14:06  Probe  
  86  14:14  Phoenix  
  88  14:18  Probe  
  88  14:23  Phoenix  
  77  14:30  Probe  
  78  14:39  Phoenix  
  78  14:42  Probe  
  81  14:49  Carrier  
  81  14:50  Pylon  
  87  14:52  Pylon  
  87  14:55  Pylon  
  87  14:56  Probe  
  88  15:04  Phoenix  
  88  15:06  Pylon  
  90  15:08  Probe  
  90  15:09  Pylon  
  90  15:12  Pylon  
  87  15:15  Pylon  
  87  15:20  Probe  
  82  15:29  Phoenix  
  82  15:32  Probe  
  93  15:41  Stargate  
  89  15:44  Probe  
  89  15:45  Stargate  
  89  15:48  Pylon  
  86  15:50  Pylon  
  86  15:53  Pylon  
  86  15:55  Pylon  
Show
View Real Time Build Order
Export as new Build Order

Quentin Terran 

Build Orders:  

Get SALT Encoding   

  12  0:01  SCV  
  13  0:13  SCV  
  14  0:17  Supply Depot  
  14  0:25  SCV  
  15  0:39  SCV  
  15  0:41  Barracks  
  16  0:45  Refinery  
  16  0:51  SCV  
  17  1:00  Barracks  
  17  1:18  Supply Depot  
  17  1:19  Refinery  
  17  1:27  SCV  
  17  1:29  Reaper  
  19  1:52  Reaper  
  20  1:58  Barracks  
  20  2:01  Supply Depot  
  20  2:18  Reaper  
  20  2:21  SCV  
  22  2:24  Reaper  
  23  2:50  Reaper  
  24  2:56  Reaper  
  25  3:22  Reaper  
  26  3:28  Marine  
  27  3:45  Marine  
  25  3:54  Marine  
  26  4:00  SCV  
  27  4:03  Reaper  
  27  4:08  Command Center  
  28  4:12  Reaper, SCV  
  30  4:24  SCV  
  31  4:36  Reaper  
  31  4:38  Marine  
  33  4:44  Reaper  
  33  4:45  SCV  
  34  4:49  Engineering Bay  
  34  4:55  Marine  
  34  4:56  Supply Depot  
  35  5:07  Marine  
  35  5:13  Marine  
  37  5:14  Factory  
  37  5:16  Marine  
  38  5:25  Marine  
  39  5:31  Marine  
  39  5:32  Orbital Command  
  39  5:33  Marine  
  40  5:43  Marine  
  40  5:49  Marine  
  42  5:51  Marine  
  42  5:56  Factory  
  43  5:57  Engineering Bay  
  43  5:58  Terran Infantry Weapons Level 1  
  43  6:05  Starport  
  43  6:07  Marine  
  43  6:09  Marine  
  45  6:15  Orbital Command  
  45  6:17  SCV  
  46  6:20  Missile Turret  
  46  6:24  Missile Turret  
  46  6:28  Missile Turret  
  46  6:38  Marine x2  
  48  6:41  Marine  
  49  6:48  Starport Reactor  
  49  6:56  Marine  
  50  7:05  Barracks Tech Lab  
  50  7:06  Barracks Reactor  
  50  7:08  Factory Tech Lab  
  50  7:17  SCV  
  50  7:20  SCV  
  52  7:29  SCV  
  50  7:34  SCV  
  49  7:41  SCV  
  49  7:44  Viking  
  52  7:46  SCV, Viking  
  52  7:51  Combat Shield  
  53  7:53  Barracks Tech Lab, SCV  
  54  7:59  SCV  
  55  8:06  SCV  
  55  8:11  SCV  
  57  8:14  Viking  
  57  8:18  SCV  
  57  8:19  Missile Turret  
  60  8:23  SCV  
  60  8:25  Missile Turret  
  61  8:29  Refinery  
  61  8:30  SCV  
  62  8:45  Supply Depot  
  62  8:54  Refinery  
  62  9:01  Missile Turret  
  62  9:06  SCV x2, Marine x2  
  62  9:07  Marauder x2, Missile Turret  
  70  9:14  Supply Depot  
  70  9:19  Factory  
  70  9:25  Armory  
  70  9:33  Command Center  
  70  9:35  Marine, Viking x2  
  70  9:36  SCV x2, Factory Tech Lab  
  77  9:48  SCV  
  78  9:56  Armory  
  78  10:07  Missile Turret, Supply Depot  
  78  10:09  Supply Depot  
  78  10:10  Supply Depot  
  78  10:15  Supply Depot  
  78  10:27  SCV  
  78  10:29  SCV, Sensor Tower, Viking x2  
  83  10:39  SCV  
  83  10:41  SCV  
  53  10:54  Siege Tank  
  53  10:55  Siege Tank  
  37  11:21  Factory Tech Lab  
  37  11:23  SCV, Terran Vehicle Weapons Level 1  
  37  11:25  Marine  
  37  11:26  Marine x3  
  37  11:27  Siege Tank x2  
  46  11:35  SCV  
  47  11:43  Marine x3  
  40  12:01  Marine  
  38  12:06  Marine  
Show
View Real Time Build Order
Export as new Build Order

Stanouch Zerg 

Build Orders: Hatch First, Brood Lord Corruptor 

Get SALT Encoding   

  12  0:01  Drone  
  13  0:13  Overlord  
  13  0:16  Drone  
  14  0:33  Drone x2  
  16  0:38  Drone  
  17  0:53  Hatchery  
  16  1:00  Drone x2  
  18  1:14  Spawning Pool  
  18  1:16  Drone  
  18  1:20  Extractor  
  18  1:21  Drone  
  18  1:29  Drone  
  19  1:35  Extractor  
  18  1:45  Drone  
  19  1:50  Overlord  
  19  2:04  Drone  
  19  2:05  Queen x2  
  19  2:08  Drone  
  25  2:13  Drone  
  26  2:18  Drone  
  28  2:22  Drone  
  28  2:31  Drone  
  29  2:49  Drone x3  
  29  2:50  Drone  
  33  2:56  Lair  
  33  3:10  Drone x3  
  36  3:26  Overlord x2  
  36  3:31  Extractor  
  36  3:32  Drone  
  36  3:33  Extractor, Overlord  
  35  3:49  Drone x2  
  35  3:51  Overlord  
  37  3:58  Spire  
  36  4:26  Overlord  
  36  5:08  Overlord  
  36  5:09  Overlord  
  36  5:12  Mutalisk  
  36  5:13  Mutalisk x10  
  58  5:17  Mutalisk  
  58  5:18  Drone x2  
  58  5:19  Drone x5  
  67  5:47  Hatchery  
  66  5:57  Mutalisk  
  66  5:58  Mutalisk x3  
  74  6:05  Mutalisk  
  66  6:40  Mutalisk  
  66  6:41  Mutalisk x3  
  72  6:53  Corruptor  
  74  7:11  Corruptor x2  
  78  7:18  Infestation Pit  
  57  7:48  Corruptor x3  
  61  7:53  Drone x3  
  61  7:55  Queen  
  66  8:04  Corruptor x2  
  66  8:35  Corruptor x3  
  68  8:45  Hive  
  68  8:47  Drone  
  68  8:48  Drone x15  
  84  8:53  Spore Crawler  
  83  8:56  Spore Crawler x2  
  83  8:58  Drone x3  
  84  9:13  Extractor  
  84  9:14  Extractor  
  82  9:37  Hatchery  
  81  9:46  Corruptor x7  
  81  9:47  Overlord  
  81  9:48  Overlord x4  
  95  10:04  Greater Spire  
  95  10:05  Corruptor  
  97  10:13  Spine Crawler  
  96  10:15  Spine Crawler  
  96  10:17  Spine Crawler  
  96  10:20  Corruptor x2  
  96  10:21  Corruptor  
  70  11:33  Corruptor  
  70  11:34  Corruptor x8  
  88  11:59  Brood Lord x3  
  92  12:09  Brood Lord x2  
  94  12:42  Corruptor  
  94  12:43  Corruptor x3  
  87  13:16  Brood Lord  
  87  13:17  Brood Lord  
  86  13:23  Drone x2  
  86  13:24  Drone  
  89  13:28  Zerg Flyer Weapons Level 1  
  77  14:07  Brood Lord  
  77  14:09  Brood Lord  
  79  14:34  Zergling x10  
  79  14:35  Zergling x2  
  78  15:39  Corruptor x4  
Tags
 
Add a new tag
Caveats
  • Supply blocks, unpowered buildings, or Contaminate may cause inaccurate times.
  • Supply counts are checked every 10 seconds.